 Dungeon Crawl Stone Soup version 0.23.2-11-gf996548 (webtiles) character file.

Game seed: 11443799819145945684

114 Fortress the Ogre Mage (level 4, 0/39 HPs)
             Began as an Ogre Wizard on June 3, 2019.
             Slain by an adder (1 damage)
             ... on level 3 of the Dungeon.
             The game lasted 00:11:53 (2708 turns).

Fortress the Ogre Mage (Ogre Wizard)                Turns: 2708, Time: 00:11:54

Health: 0/39       AC:  3    Str: 11    XL:     4   Next: 98%
Magic:  9/10       EV: 10    Int: 20    God:
Gold:   148        SH:  0    Dex:  7    Spells: 10/11 levels left

rFire    . . .     SeeInvis .   e - +3 mace
rCold    . . .     Gourm    .   (no shield)
rNeg     . . .     Faith    .   a - +0 robe
rPois    .         Spirit   .   b - +0 hat
rElec    .         Reflect  .   (no cloak)
rCorr    .         Harm     .   (gloves unavailable)
MR       .....                  (boots unavailable)
Stlth    +.........             (no amulet)
HPRegen  0.13/turn              (no ring)
MPRegen  0.12/turn              (no ring)

@: lethally poisoned (0 -> -13)
A: large, unfitting armour, tough skin 1
a: no special abilities


You were on level 3 of the Dungeon.
You were not hungry.

You visited 1 branch of the dungeon, and saw 3 of its levels.

You collected 148 gold pieces.

Inventory:

Hand Weapons
 e - a +3 mace (weapon)
Missiles
 p - 24 poisoned needles
Armour
 a - a +0 robe (worn)
 b - a +0 hat (worn)
Jewellery
 h - a +6 amulet of reflection {unknown}
Wands
 j - a wand of iceblast (9)
Scrolls
 g - a scroll of random uselessness
 k - a scroll of enchant weapon {unknown}
 l - 2 scrolls of remove curse {unknown}
 m - a scroll of enchant armour {unknown}
 n - 3 scrolls of identify {unknown}
Potions
 c - a potion of haste {unknown}
 f - a potion of agility {unknown}
 i - a potion of might {unknown}
 o - 2 potions of curing {unknown}
Comestibles
 d - 5 rations
 q - 6 chunks of flesh


   Skills:
 - Level 1.0 Maces & Flails
 - Level 1.7 Dodging
 - Level 1.6 Stealth
 - Level 4.0 Spellcasting
 + Level 3.4 Conjurations
   Level 0.8 Summonings
   Level 0.8 Translocations


You had 10 spell levels left.
You knew the following spells:

 Your Spells              Type           Power        Failure   Level  Hunger
a - Magic Dart            Conj           ###.         3%          1    None

Your spell library contained the following spells:

 Spells                   Type           Power        Failure   Level  Hunger
 Blink                    Tloc           N/A          14%         2    #......
 Call Imp                 Summ           #.......     14%         2    #......
 Slow                     Hex            #.......     19%         2    #......
 Conjure Flame            Conj/Fire      ##......     19%         3    ###....
 Mephitic Cloud           Conj/Pois/Air  #.......     24%         3    ###....


Dungeon Overview and Level Annotations

Branches:
Dungeon (3/15)

Altars:
Fedhas


Innate Abilities, Weirdness & Mutations

You are too large for most types of armour.
You have tough skin. (AC +1)


Message History

You are more poisoned.
The adder poisons you! The adder bites you. The adder misses you.
You feel sick.
You feel sick.
You feel sick.
You completely miss the adder.
The adder is heavily wounded.
You feel sick. The adder bites you but does no damage. The adder bites you.
* * * LOW HITPOINT WARNING * * *
As you read the scroll labeled COKHAE PURERUF, it crumbles to dust.
You hear the ringing of an enormous bell.
It was a scroll of random uselessness.
* * * LOW HITPOINT WARNING * * *
You feel sick. The adder bites you.
* * * LOW HITPOINT WARNING * * *
The adder bites you.
* * * LOW HITPOINT WARNING * * *
You are more poisoned.
The adder poisons you! The adder bites you.
You die...

#.........##)#
#.........##.#
#.........##.#
#.........##.#
#.........##.#
#.).......#..#
#............##.##
.....###.....##..#
..##. #######@S##
. # ## #S## .. #o#
#.##o# #....#
##.o## #.o. #....
#.....


You could see an orc wizard (wandering), 2 adders and 3 orcs.

Vanquished Creatures
  3 adders (D:2)
  An ooze (D:3)
  A leopard gecko (D:1)
  8 orcs (D:3)
  A ball python (D:1)
  8 bats
  3 giant cockroaches
  10 goblins
  3 hobgoblins
  14 jackals
  2 frilled lizards (D:2)
  5 kobolds
  8 rats
67 creatures vanquished.

Notes
Turn   | Place    | Note
-------+----------+-------------------------------------------
     0 | D:1      | Fortress the Ogre Wizard began the quest for the Orb.
     0 | D:1      | Reached XP level 1. HP: 16/16 MP: 5/5
   162 | D:1      | Reached XP level 2. HP: 24/24 MP: 4/6
   216 | D:1      | Reached skill level 4 in Spellcasting
   235 | D:1      | Reached skill level 1 in Conjurations
   608 | D:1      | Reached XP level 3. HP: 31/31 MP: 2/8
  1063 | D:2      | Reached skill level 1 in Maces & Flails
  1235 | D:2      | Reached XP level 4. HP: 28/39 MP: 1/10
  1699 | D:2      | Found a blossoming altar of Fedhas.
  2708 | D:3      | HP: 1/39 [adder (3)]
  2708 | D:3      | Slain by an adder

Skill      XL: |  1  2  3  4 |
---------------+-------------+-----
Spellcasting   | 4 |  4.0
Conjurations   | 1 2 3 |  3.4
Maces & Flails | 1 |  1.0
Dodging        | |  1.7
Stealth        | |  1.6
Summonings     | |  0.8
Translocations | |  0.8

Action                   |  1- 3 |  4- 6 || total
-------------------------+-------+-------++-------
Melee: Unarmed           |    38 |       ||    38
       Mace              |    41 |    52 ||    93
 Cast: Magic Dart        |    56 |    48 ||   104
  Use: Scroll            |       |     1 ||     1
 Stab: Sleeping          |       |     1 ||     1
  Eat: Chunk             |     1 |     5 ||     6
Armor: Robe              |    29 |    32 ||    61
Dodge: Dodged            |    78 |    61 ||   139
